 Dungeon Crawl Stone Soup version 0.30-a0-279-g4b46babb21 (webtiles) character file.

Game seed: 16539043837455618170

11489 ReploidZero the Skirmisher (level 11, -9/73 HPs)
             Began as a Tengu Hunter on Oct 16, 2022.
             Was an Initiate of Gozag.
             Mangled by a shadow (21 damage)
             ... in a Gauntlet.
             The game lasted 00:34:01 (12068 turns).

ReploidZero the Skirmisher (Tengu Hunter)          Turns: 12068, Time: 00:34:02

Health: -9/73      AC: 11    Str: 11    XL:     11   Next: 78%
Magic:  12/12      EV: 25    Int: 11    God:    Gozag
Gold:   388        SH:  0    Dex: 21    Spells: 10/10 levels left

rFire   . . .      SeeInvis .    a - +1 shortbow
rCold   . . .      Faith    .    (shield currently unavailable)
rNeg    . . .      Spirit   .    i - +0 steam dragon scales
rPois   +          Reflect  .    (helmet restricted)
rElec   .          Harm     .    (no cloak)
rCorr   .          Rampage  .    l - +1 pair of gloves
Will    .....      Clarity  +    (boots unavailable)
Stlth   ++........ NoTele   +    (no amulet)
HPRegen 0.32/turn                j - ring of poison resistance
MPRegen 0.13/turn                v - +4 ring of protection

@: flying quickly and evasively, quick
A: beak, talons 3, nimble flight, clarity, (teleportitis 1), wild magic 1
a: Renounce Religion, Potion Petition, Call Merchant, Bribe Branch


You were in a Gauntlet.
You worshipped Gozag.
Gozag was aware of your devotion.
You visited 2 branches of the dungeon, and saw 13 of its levels.
You also visited: Gauntlet.

You collected 957 gold pieces.
You spent 378 gold pieces at shops.
You paid 191 gold pieces to Gozag.

Inventory:

Hand Weapons
 a - a +1 shortbow (weapon)
Armour
 c - a +0 leather armour
 i - +0 steam dragon scales (worn)
 l - a +1 pair of gloves (worn)
Jewellery
 j - a ring of poison resistance (left hand)
 m - a +4 ring of evasion
 o - the ring of Scepticism {Contam rPois Int+2 Dex+6}
   (You found it in a Gauntlet)

   [ring of dexterity]

   Int:       It affects your intelligence (+2).
   Dex:       It affects your dexterity (+6).
   rPois:     It protects you from poison.
   Contam:    It causes magical contamination when unequipped.
 v - a +4 ring of protection (right hand)
 A - a ring of willpower
 B - a ring of magical power
Wands
 e - a wand of flame (23)
Scrolls
 b - 2 scrolls of enchant armour
 d - 3 scrolls of identify
 g - a scroll of blinking
 p - a scroll of torment
 t - a scroll of enchant weapon
 u - 2 scrolls of vulnerability
 x - 2 scrolls of amnesia
 y - a scroll of teleportation
Potions
 f - a potion of haste
 h - a potion of attraction {unknown}
 k - 3 potions of might
 n - a potion of invisibility
 q - a potion of heal wounds
 r - 3 potions of curing
 w - a potion of resistance
 z - a potion of ambrosia
 C - a potion of berserk rage {unknown}


   Skills:
 + Level 10.9 Fighting
 + Level 12.4 Ranged Weapons
 + Level 11.8 Dodging
 - Level 1.0 Stealth


You had 10 spell levels left.
You didn't know any spells.
Your spell library contained the following spells:

 Spells                   Type           Power      Damage    Failure   Level
 Freeze                   Ice            0%         1d3       43%         1
 Blink                    Tloc           0%         N/A       56%         2
 Momentum Strike          Conj/Tloc      0%         3d8       56%         2
 Sublimation of Blood     Necr           0%         N/A       56%         2
 Wereblood                Tmut           0%         N/A       56%         2
 Frozen Ramparts          Ice            0%         1d1       78%         3
 Hailstorm                Conj/Ice       0%         3d3       78%         3
 Lesser Beckoning         Tloc           0%         N/A       78%         3
 Summon Hydra             Summ           0%         N/A       100%        7


Dungeon Overview and Level Annotations

Branches:
Dungeon (12/15)            Temple (1/1) D:7            Lair (0/5) D:10
Gauntlet (1/1)
    Orc: D:9-12

Altars:
Ashenzari
Cheibriados
Dithmenos
Elyvilon
Fedhas
Gozag
Hepliaklqana
Kikubaaqudgha
Makhleb
Nemelex Xobeh
Okawaru
Qazlal
Ru
Sif Muna
Trog
Uskayaw
Vehumet
Wu Jian
Xom
Yredelemnul
Zin
The Shining One

Shops:
D:4 =   D:7 ?

Annotations:
D:9 1 transporter Gauntlet 11 transporters


Innate Abilities, Weirdness & Mutations

You have a beak for a mouth.
You have claws for feet.
Your magical nature lets you fly swiftly and evasively.
You possess an exceptional clarity of mind.
((You are occasionally teleported next to monsters.))
Your spells are a little harder to cast, but a little more powerful.


Message History

The shadow slips into darkness.
The shadow flickers and vanishes!
The shadow strikes at you from the darkness!
Reactivating autopickup.
The shadow strikes at you from the darkness!
You are too injured to fight recklessly!
Unknown command.
You are too injured to fight recklessly!
Unknown command.
You are too injured to fight recklessly!
Unknown command.
You are too injured to fight recklessly!
Unknown command.
You are too injured to fight recklessly!
Unknown command.
You are too injured to fight recklessly!
You shoot an arrow. The arrow hits the shadow!
The shadow is moderately damaged.
The shadow misses you.
The shadow strikes at you from the darkness!
* * * LOW HITPOINT WARNING * * *
The shadow slips into darkness.
The shadow flickers and vanishes!
Deactivating autopickup; reactivate with Ctrl-A.
The shadow completely misses you.
Fire: a) +1 shortbow
Press: ? - help, Shift-Dir - straight line, f/p - shadow
Aim: a shadow (moderately damaged, 73% to hit)
Unknown command.
You see here the ring of Scepticism {Contam rPois Int+2 Dex+6}.
o - the ring of Scepticism {Contam rPois Int+2 Dex+6} The tengu conjurer shouts!
The shadow slips into darkness.
The shadow flickers and vanishes!
The shadow strikes at you from the darkness!
* * * LOW HITPOINT WARNING * * *
Reactivating autopickup.
The shadow strikes at you from the darkness!
You die...
Your body crumbles into a pile of gold.

#..#..≈≈...≈.#...#5..#.#...
###..#.≈..≈..≈.#.∩.#55#...#..
#8#..#.≈.≈≈.≈≈©#...#3##...##.
###..#≈.≈...≈..#...##..#.#..#
#..#≈..≈.≈.≈≈#...#5...©....
###..#.≈.≈≈≈.≈.#...##..#.#..#
#8#..#.≈≈...≈..#...#.#######.
###..#.≈...≈.≈.#...#..#...#..
#..#?.≈:©!@WW#...#..555.!..
###..###########...##########
#8#.....#.©.#....§...........
###...8.#...#...≈8§..........
#.....#.©.#....§...........
###..###########...##########
#8#..#.4##....4#...#Q........
###..#[##.###..#...#..##.##..
#..#=#.# .##.#...#.#..#..#.


You could see 2 orange demons and 2 shadows.

Vanquished Creatures
  2 two-headed ogres (D:10)
  Maggie (D:7)
  A gargoyle (D:10)
  Psyche (D:8)
  A hornet (D:9)
  2 trolls
  A human (D:7)
  2 wraiths
  17 yaks
  A wyvern (D:8)
  4 hogs (D:8)
  Grum (D:9)
  A steam dragon (D:10)
  3 vampire mosquitoes (D:10)
  An acid dragon (D:10)
  2 ice beasts
  3 sky beasts (D:7)
  3 orc warriors
  A black bear (D:7)
  2 centaurs
  3 ogres (D:4)
  2 wolves
  5 phantoms
  2 kobold brigands (D:6)
  5 bullfrogs
  2 necrophages (D:5)
  4 gnoll sergeants
  4 scorpions
  A killer bee (D:8)
  5 howler monkeys (D:9)
  7 orc priests
  4 gnoll boudas
  4 hounds
  Jessica (D:2)
  2 iguanas
  Terence (D:3)
  10 orc wizards
  29 gnolls
  5 adders
  A white imp (D:8)
  An ufetubus (D:7)
  3 worms (D:2)
  44 orcs
  7 ball pythons
  7 bats
  10 endoplasms
  4 giant cockroaches
  5 hobgoblins
  9 jackals
  3 quokkas
  4 frilled lizards
  9 goblins
  13 kobolds
  6 rats
272 creatures vanquished.

Vanquished Creatures (collateral kills)
  A black bear (D:8)
  2 killer bees (D:8)
  An orc priest (D:8)
  An orc wizard (D:8)
5 creatures vanquished.

Grand Total: 277 creatures vanquished

Notes
Turn   | Place    | Note
-------+----------+-------------------------------------------
     0 | D:1      | ReploidZero the Tengu Hunter began the quest for the Orb.
     0 | D:1      | Reached XP level 1. HP: 12/12 MP: 2/2
   329 | D:1      | Reached XP level 2. HP: 17/17 MP: 3/3
   512 | D:1      | Reached XP level 3. HP: 22/22 MP: 4/4
   811 | D:2      | Noticed Jessica
   814 | D:2      | Killed Jessica
   815 | D:2      | Reached skill level 5 in Ranged Weapons
   815 | D:2      | Reached XP level 4. HP: 19/27 MP: 5/5
  1091 | D:2      | Found an ornate altar of the Wu Jian Council.
  1371 | D:2      | Gained mutation: Your magical nature lets you fly swiftly
                  | and evasively. [Tengu growth]
  1371 | D:2      | Reached XP level 5. HP: 32/32 MP: 6/6
  1477 | D:3      | Found a bloodstained altar of Trog.
  1787 | D:3      | Noticed a phantom
  1796 | D:3      | Killed a phantom
  1884 | D:3      | Reached XP level 6. HP: 5/38 MP: 7/7
  2022 | D:3      | Noticed Terence
  2420 | D:3      | Killed Terence
  2522 | D:4      | Reached skill level 6 in Ranged Weapons
  2660 | D:4      | Reached skill level 5 in Dodging
  2660 | D:4      | Reached XP level 7. HP: 39/44 MP: 8/8
  2910 | D:4      | Found Xuxouwn's Magic Scroll Boutique.
  3143 | D:4      | Found Norreliq's Jewellery Shop.
  3172 | D:4      | Reached skill level 5 in Fighting
  3470 | D:4      | Reached skill level 7 in Ranged Weapons
  3470 | D:4      | Reached XP level 8. HP: 49/49 MP: 9/9
  3615 | D:4      | Found a shadowy altar of Dithmenos.
  3834 | D:4      | Bought a scroll of blinking for 82 gold pieces
  3834 | D:4      | Bought a scroll of fog for 44 gold pieces
  3834 | D:4      | Bought a scroll of identify for 22 gold pieces
  3834 | D:4      | Bought 2 scrolls of noise for 22 gold pieces
  3834 | D:4      | Bought a scroll of magic mapping for 82 gold pieces
  3834 | D:4      | Bought a scroll of identify for 22 gold pieces
  3834 | D:4      | Bought a scroll of identify for 22 gold pieces
  3834 | D:4      | Bought a scroll of identify for 22 gold pieces
  3895 | D:4      | Gained mutation: Your spells are a little harder to cast,
                  | but a little more powerful. [potion of mutation]
  3895 | D:4      | Gained mutation: You are occasionally teleported next to
                  | monsters. [potion of mutation]
  3895 | D:4      | Gained mutation: You possess an exceptional clarity of
                  | mind. [potion of mutation]
  3928 | D:5      | Entered Level 5 of the Dungeon
  4332 | D:5      | Identified the +4 short sword of Dominance {drain, rPois
                  | rC+ Str+5}
  4854 | D:5      | Found a glowing silver altar of Zin.
  5096 | D:5      | Reached skill level 8 in Ranged Weapons
  5215 | D:6      | Reached XP level 9. HP: 56/56 MP: 10/10
  6017 | D:7      | Reached skill level 9 in Ranged Weapons
  6041 | D:7      | Noticed Maggie
  6061 | D:7      | Killed Maggie
  6150 | D:7      | Found an opulent altar of Gozag.
  6312 | D:7      | Found Jikinebes's Magic Scroll Boutique.
  6350 | D:7      | Found a staircase to the Ecumenical Temple.
  6354 | D:7      | Bought a scroll of teleportation for 30 gold pieces
  6354 | D:7      | Bought a scroll of teleportation for 30 gold pieces
  6445 | Temple   | Entered the Ecumenical Temple
  7644 | D:8      | Reached XP level 10. HP: 61/64 MP: 11/11
  7682 | D:8      | Noticed Psyche
  7874 | D:8      | Found a radiant altar of Vehumet.
  7898 | D:8      | Reached skill level 10 in Ranged Weapons
  8090 | D:8      | Found a sacrificial altar of Ru.
  8410 | D:8      | Killed Psyche
  8411 | D:8      | Reached skill level 10 in Dodging
  8670 | D:9      | Noticed Grum
  8686 | D:8      | Reached skill level 11 in Ranged Weapons
  9414 | D:9      | Reached XP level 11. HP: 62/72 MP: 12/12
  9568 | D:9      | Found a transporter.
  9801 | D:9      | Killed Grum
  9814 | D:9      | Found a transporter.
  9889 | D:9      | Reached skill level 10 in Fighting
 10044 | D:7      | Became a worshipper of Gozag Ym Sagoz the Greedy
 10123 | D:10     | Entered Level 10 of the Dungeon
 10140 | D:10     | Found a staircase to the Lair.
 10162 | D:10     | Noticed a two-headed ogre
 10234 | D:10     | Killed a two-headed ogre
 10259 | D:10     | Noticed a two-headed ogre
 10435 | D:10     | Found a basalt altar of Yredelemnul.
 10437 | D:10     | Found a hide-covered altar of Uskayaw.
 10730 | D:9      | Reached skill level 12 in Ranged Weapons
 11277 | D:10     | Killed a two-headed ogre
 11517 | D:10     | You are sucked into a shaft and drop 2 floors!
 11526 | D:12     | Noticed a skeletal warrior
 11556 | D:12     | Noticed a deep elf pyromancer
 11786 | D:11     | Noticed a two-headed ogre
 11788 | D:11     | Noticed a cyclops
 11802 | D:11     | Noticed a two-headed ogre
 11806 | D:11     | Found a gate leading to a gauntlet.
 11815 | Gauntlet | Entered a Gauntlet
 11815 | Gauntlet | Found a transporter.
 11815 | Gauntlet | Found a transporter.
 11815 | Gauntlet | Found a transporter.
 11819 | Gauntlet | Noticed a sixfirhy
 11828 | Gauntlet | Found a transporter.
 11828 | Gauntlet | Found a transporter.
 11833 | Gauntlet | Noticed a tengu warrior
 11840 | Gauntlet | Found a transporter.
 11845 | Gauntlet | Noticed a death scarab
 11861 | Gauntlet | Found a transporter.
 11861 | Gauntlet | Found a transporter.
 11884 | Gauntlet | Found a transporter.
 11905 | Gauntlet | Found a transporter.
 11911 | Gauntlet | Found a transporter.
 11931 | Gauntlet | Found a transporter.
 12065 | Gauntlet | Identified the ring of Scepticism {Contam rPois Int+2
                  | Dex+6}
 12068 | Gauntlet | Mangled by a shadow

Illustrated notes

Levels and vault maps discovered:
D:1:      dpeg_arrival_snail, layout_basic, minmay_pentomino_s2
D:2:      minmay_razor_zed, layout_loops_ring, basic_altar,
          minmay_misc_feat_cross, uniq_jessica
D:3:      layout_rooms, bloody_trog, minmay_increasing_density, uniq_terence
D:4:      layout_loops_corners, marbit_many_paths, serial_shops, shop,
          shop_fountains, grunt_decor_junction, minmay_cupped
D:5:      layout_basic, zin_scriptorium, minmay_crossroads
D:6:      minmay_chambers_of_threes, layout_basic
D:7:      layout_layer_cave, mainiacjoe_overflow_tiny_flanked,
          minmay_temple_entry_hall, serial_shops, shop, uniq_maggie
D:8:      layout_basic, vehumet_crystals, lemuel_crystal_altar, grunt_livestock,
          uniq_psyche
D:9:      layout_roguey, nicolae_diode_stairs, uniq_grum
D:10:     minmay_general_purpose_star, layout_layer_cave,
          grunt_temple_overflow_open
D:11:     layout_cave_pools, gauntlet_entry_generic
D:12:     layout_cave_pools, orc_david_3, serial_shops, shop
Temple:   dpeg_chambers_temple
Gauntlet: gammafunk_gauntlet_shortcut [nicolae_gauntlet_arena_flowing_pool,
          gammafunk_gauntlet_arena_spirals, gammafunk_gauntlet_arena_chambers,
          nicolae_gauntlet_swirl, gammafunk_gauntlet_arena_crates,
          nicolae_gauntlet_arena_quarters, gauntlet_exit_hidden_loot]

Skill      XL: |  1  2  3  4  5  6  7  8  9 10 11 |
---------------+----------------------------------+-----
Ranged Weapons | 5 6 7 8 9 11 12 | 12.4
Dodging        | 3 4 5 7 9 10 11 | 11.8
Fighting       | 3 4 5 6 8 9 10 | 10.9
Stealth        | |  1.0

Action                   |  1- 3 |  4- 6 |  7- 9 | 10-12 || total
-------------------------+-------+-------+-------+-------++-------
Melee: Unarmed           |       |       |       |     1 ||     1
 Fire: Shortbow          |    73 |   210 |   429 |   648 ||  1360
Evoke: Wand              |       |       |       |     4 ||     4
  Use: Potion            |       |     2 |     1 |     2 ||     5
       Scroll            |       |     1 |    18 |    10 ||    29
Armor: Leather armour    |     4 |    25 |    19 |       ||    48
       Steam dragon scal |       |       |    16 |    81 ||    97
Dodge: Dodged            |    16 |    66 |   184 |   430 ||   696

Table legend: (Time is in decaauts)
 A = Elapsed time spent in this place.
 B = Non-inter-level travel time spent in this place.
 C = Inter-level travel time spent in this place.
 D = Time resting spent in this place.
 E = Time spent auto-exploring this place.
 F = Levels seen in this place.
 G = Mean time per level.
                   A        B        C        D        E       F      G
               +--------+--------+--------+--------+--------+-----+--------+
         Total |  11431 |  10743 |    688 |     81 |   7937 |  14 |  816.5 |
       Dungeon |  10996 |  10329 |    667 |     81 |   7614 |  12 |  916.3 |
        Temple |    206 |    186 |     20 |      0 |    171 |   1 |  206.0 |
      Gauntlet |    228 |    228 |      0 |      0 |    151 |   1 |  228.0 |
               +--------+--------+--------+--------+--------+-----+--------+

Top non-repeatable levels by time:
     D:7: 1852 daAuts
     D:9: 1378 daAuts
     D:4: 1346 daAuts
     D:5: 1151 daAuts
    D:10: 1077 daAuts
     D:2: 942 daAuts
     D:8: 812 daAuts
     D:1: 790 daAuts
     D:3: 771 daAuts
     D:6: 598 daAuts
    D:11: 234 daAuts
Gauntlet: 228 daAuts
  Temple: 206 daAuts
    D:12: 38 daAuts
